 Dungeon Crawl Stone Soup version 0.21.1-1-g345015f (webtiles) character file.

41 tidbits the Charmwright (level 3, 1/31 HPs)
             Began as a Gnoll Skald on June 22, 2018.
             Quit the game on level 2 of the Dungeon.
             The game lasted 00:01:29 (116 turns).

tidbits the Charmwright (Gnoll Skald)                Turns: 116, Time: 00:01:30

Health: 1/31       AC:  4    Str: 13    XL:     3   Next: 52%
Magic:  3/9        EV: 14    Int: 16    God:
Gold:   25         SH:  0    Dex: 14    Spells: 7/12 levels left

rFire    . . .     SeeInvis .   a - +0 hand axe
rCold    . . .     Gourm    .   (no shield)
rNeg     . . .     Faith    .   b - +0 leather armour
rPois    .         Spirit   .   (no helmet)
rElec    .         Reflect  .   (no cloak)
rCorr    .         Harm     .   (no gloves)
MR       .....                  (no boots)
Stlth    +.........             (no amulet)
HPRegen  0.10/turn              f - +1 ring of protection
MPRegen  0.11/turn              (no ring)

@: lethally poisoned (1 -> -2)
A: distributed training, fangs 1, strong nose
a: no special abilities


You were on level 2 of the Dungeon.
You were not hungry.

You visited 1 branch of the dungeon, and saw 2 of its levels.

You collected 25 gold pieces.

Inventory:

Hand Weapons
 a - a +0 hand axe (weapon)
Armour
 b - a +0 leather armour (worn)
Jewellery
 f - a +1 ring of protection (left hand)
   (You found it on level 2 of the Dungeon)
Scrolls
 e - a scroll of identify {unknown}
Books
 c - a book of Battle

   Spells                             Type                      Level
   a - Infusion                       Charms                       1
   b - Shroud of Golubria             Charms/Translocation         2
   c - Song of Slaying                Charms                       2
   d - Spectral Weapon                Hexes/Charms                 3
   e - Regeneration                   Charms/Necromancy            3
Comestibles
 d - 2 rations


   Skills:
 + Level 4.5 Fighting
 + Level 0.8 Short Blades
 + Level 0.8 Long Blades
 + Level 4.5 Axes
 + Level 0.8 Maces & Flails
 + Level 0.8 Polearms
 + Level 0.8 Staves
 + Level 0.8 Slings
 + Level 0.8 Bows
 + Level 0.8 Crossbows
 + Level 0.8 Throwing
 + Level 2.6 Armour
 + Level 4.5 Dodging
 + Level 0.8 Stealth
 + Level 0.8 Shields
 + Level 0.8 Unarmed Combat
 + Level 5.0 Spellcasting
 + Level 0.5 Conjurations
 + Level 0.5 Hexes
 + Level 5.4 Charms
 + Level 0.5 Summonings
 + Level 0.5 Necromancy
 + Level 0.5 Translocations
 + Level 0.5 Transmutations
 + Level 0.5 Fire Magic
 + Level 0.5 Ice Magic
 + Level 0.5 Air Magic
 + Level 0.5 Earth Magic
 + Level 0.5 Poison Magic
 + Level 1.0 Invocations
 + Level 0.8 Evocations


You had 7 spell levels left.
You knew the following spells:

 Your Spells              Type           Power        Failure   Level  Hunger
g - Shroud of Golubria    Chrm/Tloc      ##........   9%          2    #......
i - Infusion              Chrm           ###.         1%          1    None
y - Song of Slaying       Chrm           ###.....     3%          2    #......


Dungeon Overview and Level Annotations

Branches:
Dungeon (2/15)

Altars:


Innate Abilities, Weirdness & Mutations

Your experience applies equally to all skills.
You have very sharp teeth.
Your uncanny sense of smell can sniff out nearby items.


Message History

You aren't carrying any potions.
Unknown command.
An adder comes into view.
You closely miss the adder. Your bite misses the adder. The adder misses you.
You hit the adder. You bite the adder, but do no damage.
The adder is heavily wounded.
The adder barely misses you.
You closely miss the adder.
The adder is heavily wounded.
You hit the adder. The adder barely misses you. The adder bites you.
The adder barely misses you. x2
You hit the adder.
The adder is lightly wounded.
You miss the adder. You hit the adder. The adder bites you but does no damage.
The adder closely misses you. The adder bites you.
You miss the adder.
The adder is lightly wounded.
You hit the adder. x2; The adder completely misses you.
The adder closely misses you. The adder misses you.
The adder bites you but does no damage. The adder bites you.
You barely miss the adder.
The adder is lightly wounded.
You hit the adder. You hit the adder but do no damage.
The adder bites you but does no damage. The adder completely misses you.
The adder barely misses you. The adder closely misses you.
You barely miss the adder.
The adder is lightly wounded.
You closely miss the adder. You miss the adder.
The adder closely misses you. x4
The adder barely misses you.
You barely miss the adder.
The adder is lightly wounded.
You hit the adder.
You kill the adder!
You hit the adder. The adder completely misses you.
The adder closely misses you.
You closely miss the adder. You bite the adder.
The adder is lightly wounded.
You closely miss the adder. The adder bites you but does no damage.
The adder misses you. The adder closely misses you.
You hit the adder.
The adder is heavily wounded.
You miss the adder. The adder barely misses you. The adder bites you.
You are poisoned.
The adder poisons you! The adder bites you.
* * * LOW HITPOINT WARNING * * *
You hit the adder.
The adder is almost dead.
You closely miss the adder.
You feel sick. The adder closely misses you. The adder bites you.
* * * LOW HITPOINT WARNING * * *
The adder closely misses you.
You hit the adder.
You kill the adder!
Your Spellcasting skill increases to level 5!
You have reached level 3!
Your experience leads to an increase in your attributes!
Increase (S)trength, (I)ntelligence, or (D)exterity?
You feel clever.
You hit the adder. The adder misses you.
You miss the adder.
The adder is almost dead.
You feel sick. The adder misses you. x2
You completely miss the adder.
The adder is almost dead.
The adder completely misses you.
You barely miss the adder.
The adder is almost dead.
You feel sick. The adder bites you.
* * * LOW HITPOINT WARNING * * *
You are more poisoned.
The adder poisons you! The adder bites you but does no damage.
You closely miss the adder.
The adder is almost dead.
The adder bites you.
* * * LOW HITPOINT WARNING * * *
You hit the adder.
You kill the adder!
Your Invocations skill increases to level 1!
Your song is almost over.
* * * LOW HITPOINT WARNING * * *
You feel sick.
Memorise Regeneration, consuming 3 spell levels and leaving 4?
You start memorising the spell.
You continue memorising.
Your memorisation is interrupted.
* * * LOW HITPOINT WARNING * * *
You feel sick.
Memorise Regeneration, consuming 3 spell levels and leaving 4?
You start memorising the spell.
You continue memorising.
Your memorisation is interrupted.
* * * LOW HITPOINT WARNING * * *
You feel sick.
You aren't carrying any potions.
Unknown command.
You see here an adder corpse.
Your song has ended.
* * * LOW HITPOINT WARNING * * *
You feel sick.
You hear a shout!
Found a scroll labeled UNAAL TIKYUCIU.
Are you sure you want to abandon this character and quit the game? (Confirm with "yes".)

......# ..............
......# .............
......# ... ............
.....# ... #...........
...... ..##........... ...#.
#..........? #.
#........######+### #.
#.....@............# ## #.
#....†.............####
....##..†...##..............
#.#.......#>..............#.
........).###.........#.....
..........##..........#.(.#.
#.........##................
........####.......#......#.
...................#........


There were no monsters in sight!

Vanquished Creatures
  3 adders (D:2)
  A leopard gecko (D:2)
  A bat (D:2)
  A goblin (D:2)
  A hobgoblin (D:2)
  2 jackals (D:2)
  A quokka (D:2)
  A ball python (D:1)
  A frilled lizard (D:2)
12 creatures vanquished.

Notes
Turn   | Place    | Note
-------+----------+-------------------------------------------
     0 | D:1      | tidbits the Gnoll Skald began the quest for the Orb.
     0 | D:1      | Reached XP level 1. HP: 20/20 MP: 6/6
    63 | D:2      | Reached XP level 2. HP: 23/26 MP: 1/7
    70 | D:2      | Learned a level 2 spell: Song of Slaying
    73 | D:2      | Learned a level 2 spell: Shroud of Golubria
   104 | D:2      | Reached skill level 5 in Spellcasting
   104 | D:2      | Reached XP level 3. HP: 10/31 MP: 1/9
   109 | D:2      | Reached skill level 1 in Invocations
   109 | D:2      | HP: 3/31 [poisoned by an adder]
   115 | D:2      | HP: 1/31 [poisoned by an adder]
   116 | D:2      | Quit the game

Skill      XL: |  1  2  3 |
---------------+----------+-----
Spellcasting   | 5 |  5.0
Invocations    | 1 |  1.0
Fighting       | |  4.5
Short Blades   | |  0.8
Long Blades    | |  0.8
Axes           | |  4.5
Maces & Flails | |  0.8
Polearms       | |  0.8
Staves         | |  0.8
Slings         | |  0.8
Bows           | |  0.8
Crossbows      | |  0.8
Throwing       | |  0.8
Armour         | |  2.6
Dodging        | |  4.5
Stealth        | |  0.8
Shields        | |  0.8
Unarmed Combat | |  0.8
Conjurations   | |  0.5
Hexes          | |  0.5
Charms         | |  5.4
Summonings     | |  0.5
Necromancy     | |  0.5
Translocations | |  0.5
Transmutations | |  0.5
Fire Magic     | |  0.5
Ice Magic      | |  0.5
Air Magic      | |  0.5
Earth Magic    | |  0.5
Poison Magic   | |  0.5
Evocations     | |  0.8

Action                   || total
-------------------------++-------
Melee: Hand axe          ||    31
       Bite              ||     4
 Cast: Infusion          ||     2
       Song of Slaying   ||     1
Armor: Leather armour    ||     6
Dodge: Dodged            ||    40

Table legend:
 A = Turns spent in this place as a percentage of turns spent in the entire game.
 B = Non-inter-level travel turns spent in this place as a percentage of non-inter-level travel turns spent in the entire game.
 C = Inter-level travel turns spent in this place as a percentage of turns spent in this place.
 D = Turns resting spent in this place as a percentage of non-inter-level travel turns spent in this place.
 E = Turns spent auto-exploring this place as a percentage of non-inter-level travel turns spent in this place.
 F = Non-inter-level travel turns spent in this place divided by the number of levels of this place that you've seen.
                   A       B       C       D       E      F
               +-------+-------+-------+-------+-------+----------------------
         Total | 100.0 | 100.0 |   0.0 |   0.0 |   0.0 |  58.0
       Dungeon | 100.0 | 100.0 |   0.0 |   0.0 |   0.0 |  58.0
               +-------+-------+-------+-------+-------+----------------------

Table legend:
 A = Kills in this place as a percentage of kills in entire the game.
 B = Kills by you in this place as a percentage of kills by you in the entire game.
 C = Kills by friends in this place as a percentage of kills by friends in the entire game.
 D = Other kills in this place as a percentage of other kills in the entire game.
 E = Experience gained in this place as a percentage of experience gained in the entire game.
 F = Experience gained in this place divided by the number of levels of this place that you have seen.
                   A       B       C       D       E      F
               +-------+-------+-------+-------+-------+----------------------
         Total | 100.0 | 100.0 |   N/A |   N/A | 100.0 |  29.5
       Dungeon | 100.0 | 100.0 |   N/A |   N/A | 100.0 |  29.5
               +-------+-------+-------+-------+-------+----------------------

Vault maps used:
D:1:      dpeg_arrival_line_fractal, feat_on_display
D:2:      lemuel_round_altar, serial_glass, glass_columns_a, glass_columns_c,
          glass_columns_a, glass_columns_a, glass_columns_c, glass_columns_a,
          glass_columns_c, glass_columns_b, uniq_crazy_yiuf_cottage
